 Dungeon Crawl Stone Soup version 0.29.1-12-g30fa7ad0bf (webtiles) character file.

Game seed: 6169785774371491236

39 cheesebisquit the Sneak (level 3, -3/21 HPs)
             Began as a Kobold Brigand on Jan 11, 2023.
             Slain by a goblin
             ... wielding a +0 dagger
             ... led by Robin
              (5 damage)
             ... on level 2 of the Dungeon.
             The game lasted 00:08:08 (1008 turns).

cheesebisquit the Sneak (Kobold Brigand)            Turns: 1008, Time: 00:08:08

Health: -3/21      AC:  3    Str:  7 (8)  XL:     3   Next: 67%
Magic:  3/3        EV: 18    Int: 10 (12) God:
Gold:   73         SH:  0    Dex: 17 (18) Spells: 2/2 levels left

rFire   . . .      SeeInvis .   o - +1 dagger (speed)
rCold   . . .      Faith    .   (no shield)
rNeg    . . .      Spirit   .   b - +0 robe
rPois   .          Reflect  .   (no helmet)
rElec   .          Harm     .   c - +0 cloak
rCorr   .          Rampage  .   (no gloves)
Will    .....                   (no boots)
Stlth   ++++......              (no amulet)
HPRegen 0.07/turn               q - +4 ring of evasion
MPRegen 0.08/turn               (no ring)

@: flying, hasted, very quick
A: small, no large weapons, nightstalker 3
a: no special abilities


You were on level 2 of the Dungeon.
You visited 1 branch of the dungeon, and saw 2 of its levels.

You collected 73 gold pieces.

Inventory:

Hand Weapons
 a - a +2 dagger
 o - a +1 dagger of speed (weapon)
 t - a +1 dagger of draining
Missiles
 e - a curare-tipped dart (quivered)
 n - 11 stones
Armour
 b - a +0 robe (worn)
 c - a +0 cloak (worn)
 f - a +2 buckler
Jewellery
 q - a +4 ring of evasion (left hand)
Scrolls
 p - a scroll of teleportation {unknown}
 s - a scroll of vulnerability {unknown}
Potions
 g - 2 potions of flight
 m - a potion of heal wounds
 r - a potion of haste


   Skills:
 - Level 2.1 Fighting
 + Level 5.0 Short Blades
 - Level 2.1 Throwing
 - Level 1.2 Dodging
 - Level 5.3 Stealth


You had 2 spell levels left.
You didn't know any spells.
Your spell library contained the following spells:

 Spells                   Type           Power      Damage    Failure   Level
 Necrotise                Necr           0%         1d4       36%         1
 Vampiric Draining        Necr           0%         2d6       75%         3
 Agony                    Necr           0%         N/A       100%        5


Dungeon Overview and Level Annotations

Branches:
Dungeon (2/15)

Altars:

Shops:
D:2 =

Annotations:
D:2 Robin


Innate Abilities, Weirdness & Mutations

You are small and have problems with some larger weapons.
You are completely attuned to the shadows.


Message History

You hit Robin.
Robin is lightly wounded.
You completely miss Robin.
Robin is lightly wounded.
The goblin misses you. Robin completely misses you.
You hit Robin.
Robin is moderately wounded.
You hit Robin.
Robin is heavily wounded.
The goblin closely misses you. Robin hits you with a +0 falchion.
You hit Robin.
Robin is heavily wounded.
You closely miss Robin.
Robin is heavily wounded.
The goblin misses you. Robin hits you with a +0 falchion!
* * * LOW HITPOINT WARNING * * *
It was a potion of flight.
You feel very buoyant.
You fly up into the air.
The goblin completely misses you. Robin barely misses you.
It was a potion of haste.
You feel yourself speed up. The goblin barely misses you.
Robin closely misses you.
It was a potion of degeneration.
There was something very wrong with that liquid.
You feel weakened.
You feel dopey.
You feel clumsy.
It was a potion of curing.
You feel better. Robin hits you with a +0 falchion.
The goblin hits you with a +0 dagger.
Unknown command.
As you read the scroll labelled HAMNIRIOBBE, it crumbles to dust.
The scroll dissolves into smoke.
It was a scroll of fog.
The goblin closely misses you. Robin hits you with a +0 falchion.
* * * LOW HITPOINT WARNING * * *
As you read the scroll labelled ROIN JIENASUE, it crumbles to dust.
Wisps of shadow whirl around you...
It was a scroll of summoning.
As you read the scroll labelled HYCUIMN ITOENEM, it crumbles to dust.
It is a scroll of identify.
m - a potion of heal wounds Robin laughs in a distinctly smug fashion.
Robin closely misses you. The goblin hits you with a +0 dagger.
You die... ####.#.## #.# ####....# #.# .......... #.# ####....## #.# #.#.## ..((... .###.## #.### .((.. ....... #.# KSJ

.###.## #g# #..## #@# #.###
######g# # #.# # #....gg##
#.##.### .. ..# #.###...##
#.....=. #. #.# #.##.....#
####.### #. #.#
#.###...####### #.#
#.##.###.#.......>...#####.#
#..).......#.#######.......#
####.###.###)# #########


You could see Robin (ally target), 2 goblins, a friendly adder (summoned), a
friendly endoplasm (summoned), a friendly hobgoblin (summoned, wandering) and a
friendly kobold (summoned).

Vanquished Creatures
  2 dart slugs (D:1)
  A ball python (D:1)
  An endoplasm (D:1)
  2 giant cockroaches (D:1)
  10 goblins
  2 hobgoblins
  2 jackals (D:2)
  3 kobolds (D:1)
  3 bats (D:1)
  A frilled lizard (D:1)
  3 rats
30 creatures vanquished.

Notes
Turn   | Place    | Note
-------+----------+-------------------------------------------
     0 | D:1      | cheesebisquit the Kobold Brigand began the quest for the
                  | Orb.
     0 | D:1      | Reached XP level 1. HP: 12/12 MP: 1/1
    92 | D:1      | Reached XP level 2. HP: 17/17 MP: 2/2
   532 | D:1      | Reached XP level 3. HP: 14/21 MP: 3/3
   781 | D:2      | Found Edunkoih's Jewellery Shoppe.
   984 | D:2      | Noticed Robin
   985 | D:2      | Reached skill level 5 in Short Blades
  1008 | D:2      | Slain by a goblin

Illustrated notes

Levels and vault maps discovered:
D:1:      roderic_dead_forest, layout_rooms, minmay_tetromino_s2
D:2:      layout_loops_corners, shapermc_ecumenical_altar_flowoftime,
          serial_shops, nicolae_shop_behind_doors, minivault_11,
          lightli_corner_chamber, uniq_robin, uniq_jessica

Skill      XL: |  1  2  3 |
---------------+----------+-----
Short Blades   | 3 4 5 |  5.0
Fighting       | |  2.1
Throwing       | |  2.1
Dodging        | |  1.2
Stealth        | |  5.3

Action                   || total
-------------------------++-------
Melee: Dagger            ||    62
Throw: Dart              ||    22
  Use: Potion            ||     4
       Scroll            ||     3
 Stab: Sleeping          ||    10
Armor: Robe              ||     8
Dodge: Dodged            ||    39
